Unix NetHack Version 5.0.0-0 post-release - last build Jun 10 2026 00:39:30 (3ee93aec679c4c4259841fe613dc97188e26a321,branch:main).

Game began 2026-07-02 01:04:23, ended 2026-07-02 20:31:39.

Corncycle, neutral male human Wizard

                        -----------       -----------
                        |.........|     ---..00|0...|
                        |.........|     |>..`..|....|
                        |.........|     ---....f.@..|
                        |....<....|       |....|..i.|
                        |.........|      ---------.-|
                        |.........|      |.....|0.`.|
                        |.........|      |.....|....|
                        |.........|      |......`.0`|
                        |+----------------.....|....|
                        |................^.....|....|
                        -----------------------------

Corncycle the Conjurer    St:13 Dx:9 Co:15 In:18 Wi:10 Ch:13  Neutral
Dlvl:6  $:25 HP:0(29) Pw:58(58) AC:9  Xp:5 T:3599 

Latest messages:
 The large cat misses it.
 The large cat bites the shrieker.
 The large cat misses the shrieker.
 The large cat bites the shrieker.
 The large cat misses the shrieker.
 You kill the shrieker!
 You swap places with your large cat.
 You see here a shrieker corpse.
 There is a shrieker corpse here; eat it? [ynq] (n)
 This shrieker corpse tastes okay.
 You finish eating the shrieker corpse.
 The large cat misses the quasit.
 The large cat bites the quasit.
 The quasit misses the large cat.
 The quasit hits the large cat.
 The quasit misses the large cat.
 What do you want to write with? [- ac-enrwBKLPR or ?*]
 You write in the dust with your fingertip.
 The large cat misses the quasit.
 The large cat misses the quasit.
 There is a staircase down to level 7 here.
 Something is written here in the dust.
 You read: "Elbereth".
 The quasit turns to flee.
 The large cat bites it.
 It misses the large cat.
 It hits the large cat.
 It bites the large cat.
 You have no ammunition readied.
 What do you want to fire? [$rw or ?*]
 Count: 6 <space>
 Never mind.
 What do you want to ready? [$rw or ?*]
 w - a dagger (at the ready).
 In what direction?
 The dagger hits the quasit.
 What do you want to write with? [- ac-enrBKLPR or ?*]
 You write in the dust with your fingertip.
 The quasit turns to flee.
 w - a dagger (at the ready).
 The quasit hits!
 The quasit's sting was poisoned!
 The quasit hits again!
 The quasit's sting was poisoned!
 The poison was deadly...
 Do you want your possessions identified? [ynq] (y)
 Do you want to see your attributes? [ynq] (y)
 Do you want an account of creatures vanquished? [ynaq] (y)
 Do you want to see your conduct and achievements? [ynq] (y)
 Do you want to see the dungeon overview? [ynq] (y)

Inventory:
 Coins    ('$')
  $ - 25 gold pieces
 Weapons  (')')
  a - a blessed +0 dagger (weapon in right hand)
  w - a cursed -2 dagger (at the ready)
  r - a blessed +1 quarterstaff
 Armor    ('[')
  D - a cursed -1 cloak of displacement
  b - an uncursed +0 cloak of magic resistance (being worn)
  F - a cursed -1 cloak of protection
  H - an uncursed +0 oilskin cloak
 Comestibles  ('%')
  Q - an uncursed food ration
  I - an uncursed lembas wafer
  z - 2 uncursed tins of french fried hobbit meat
  G - an uncursed tin of pickled rabid rat meat
  O - an uncursed tin of sauteed leprechaun meat
 Scrolls  ('?')
  k - an uncursed scroll of confuse monster
  i - an uncursed scroll of create monster
  M - an uncursed scroll of earth
  N - a cursed scroll of earth
  j - an uncursed scroll of enchant armor
  p - a cursed scroll of genocide
  o - an uncursed scroll of teleportation
 Spellbooks  ('+')
  l - a blessed spellbook of force bolt
  m - an uncursed spellbook of light
  C - an uncursed spellbook of stone to flesh
 Potions  ('!')
  g - an uncursed potion of confusion
  h - a blessed potion of healing
  f - an uncursed potion of levitation
  A - 2 uncursed potions of water
 Rings    ('=')
  B - an uncursed ring of conflict
  e - an uncursed ring of fire resistance
  L - a cursed ring of polymorph
  R - an uncursed ring of regeneration
  d - an uncursed ring of teleport control
 Wands    ('/')
  c - a wand of cancellation (0:7)
  P - a wand of secret door detection (0:13)
  K - a wand of undead turning (0:5)
 Tools    ('(')
  n - a magic marker (0:22)
  u - an uncursed oil lamp

Corncycle the Wizard's attributes:

Background:
 You were a Conjurer, a level 5 male human Wizard.
 You were neutral, nominally on a mission for Thoth
 who was opposed by Ptah (lawful) and Anhur (chaotic).
 You were right-handed.
 You were in Sokoban, on level 6.
 You entered the dungeon 3599 turns ago.
 There was a full moon in effect when your adventure ended.
 You had 228 experience points, 92 more were needed to attain level 6.

Basics:
 You had 0 out of 29 hit points.
 You had all 58 energy points (spell power).
 Your armor class was 9.
 Your wallet contained 25 zorkmids.
 Autopickup was on for '.' plus thrown.

Final Characteristics:
 Your strength was 13 (limit:18/100).
 Your dexterity was 9 (limit:18).
 Your constitution was 15 (limit:18).
 Your intelligence was 18 (limit:18).
 Your wisdom was 10 (limit:18).
 Your charisma was 13 (limit:18).

Final Status:
 You weren't hungry.
 You were unencumbered.
 You were wielding a dagger.
 You were unskilled in dagger.

Final Attributes:
 You were piously aligned.
 You were magic-protected.
 You were telepathic.
 You were warded.
 You were lucky.
 You are dead.

Miscellaneous:
 You didn't encounter any bones levels.
 Total elapsed playing time was 46 minutes and 39 seconds.

Major events:
 Turn
    1: Corncycle the neutral male human Wizard entered the dungeon
  727: entered the Gnomish Mines
 1003: attained the rank of Conjurer (level 3)
 2178: entered Sokoban
 2632: completed 1st Sokoban level
 3446: completed 2nd Sokoban level
 3599: poisoned by a quasit

Spells:
 Name                 Level Category     Fail Retention
 force bolt             1   attack         0%   81%-90%
 light                  1   divination     0%  76%-100%

Skills:
 Fighting Skills
   bare handed combat [Unskilled]
   riding             [Unskilled]
 Weapon Skills
   dagger             [Unskilled]
   knife              [Unskilled]
   axe                [Unskilled]
   short sword        [Unskilled]
   club               [Unskilled]
   mace               [Unskilled]
   quarterstaff       [Basic]
   polearms           [Unskilled]
   spear              [Unskilled]
   trident            [Unskilled]
   sling              [Unskilled]
   dart               [Unskilled]
   shuriken           [Unskilled]
 Spellcasting Skills
   attack spells      [Basic]
   healing spells     [Unskilled]
   divination spells  [Unskilled]
   enchantment spells [Basic]
   clerical spells    [Unskilled]
   escape spells      [Unskilled]
   matter spells      [Unskilled]

Voluntary challenges:
 Character rerolling was not enabled.
 You were an atheist.
 You never genocided any monsters.
 You never polymorphed an object.
 You never changed form.
 You used no wishes.
 You did not violate any of the special Sokoban rules.
Achievements:
 You entered the Gnomish Mines.
 You attained the rank of Conjurer.
 You entered a shop.
 You entered Sokoban.

 The Dungeons of Doom: levels 1 to 8
    Level 1:
       A fountain.
    Level 2:
    Level 3:
       Stairs down to The Gnomish Mines.
    Level 4:
       A bookstore, a fountain.
    Level 5:
       Some fountains.
    Level 6:
       A fountain.
    Level 7: "floating eye"
       Many fountains.
       Oracle of Delphi.
    Level 8:
       A fountain.
       Stairs up to Sokoban, level 7.
 The Gnomish Mines:
    Level 4:
 Sokoban: levels 7 up to 6
    Level 6: "go to mines and get armor" <- You were here.
       Solved.
       Final resting place for
          you, poisoned by a quasit.
    Level 7:
       Solved.


Vanquished creatures:
  a chameleon
 an iron piercer
  a black light
  2 dwarf mummies
  a housecat
  2 mountain nymphs
 an orc shaman
  a rock mole
  a fog cloud
  a shrieker
  a gnomish wizard
  2 red naga hatchlings
  a gray ooze
  2 elf zombies
  2 straw golems
  2 floating eyes
  a kobold leader
  a hill orc
  a giant bat
  a monkey
  4 orc zombies
  a werejackal
 an iguana
  3 coyotes
  2 hobbits
  a giant rat
  a cave spider
  2 garter snakes
  a gnome zombie
  a gecko
  4 jackals
  3 goblins
  4 grid bugs
  3 bats
  4 lichens
  a kobold zombie
  2 newts
64 creatures vanquished.

No species were genocided or became extinct.

Game over:
                       ----------
                      /          \
                     /    REST    \
                    /      IN      \
                   /     PEACE      \
                  /                  \
                  |    Corncycle     |
                  |      25 Au       |
                  |  poisoned by a   |
                  |      quasit      |
                  |                  |
                  |                  |
                  |       2026       |
                 *|     *  *  *      | *
        _________)/\\_//(\/(/\)/\//\/|_)_______

Goodbye Corncycle the Wizard...

You were poisoned in Sokoban on dungeon level 6 with 1285 points,
and 25 pieces of gold, after 3599 moves.
You were level 5 with a maximum of 29 hit points when you were poisoned.

